 Dungeon Crawl Stone Soup version 0.25-a0-829-g4e6a552925 (webtiles) character file.

Game seed: 14580165749877625838, levelgen mode: deterministic

29 kae the Gusty (level 3, -8/19 HPs)
             Began as a Tengu Air Elementalist on Apr 21, 2020.
             Mangled by an ice beast (10 damage)
             ... on level 2 of the Dungeon.
             The game lasted 00:00:47 (1424 turns).

kae the Gusty (Tengu Air Elementalist)              Turns: 1424, Time: 00:00:47

Health: -8/19      AC:  3    Str:  8    XL:     3   Next: 16%
Magic:  1/7        EV: 12    Int: 16    God:
Gold:   80         SH:  0    Dex: 14    Spells: 2/6 levels left

rFire    . . .     SeeInvis .   (no weapon)
rCold    . . .     Gourm    .   (no shield)
rNeg     . . .     Faith    .   a - +1 robe
rPois    .         Spirit   .   (helmet restricted)
rElec    .         Reflect  .   (no cloak)
rCorr    .         Harm     .   (no gloves)
MR       .....                  (boots unavailable)
Stlth    ++........             (no amulet)
HPRegen  0.06/turn              (no ring)
MPRegen  0.10/turn              (no ring)

@: brilliant, very slightly contaminated
A: beak, talons 3
a: no special abilities


You were on level 2 of the Dungeon.
You were not hungry.

You visited 1 branch of the dungeon, and saw 2 of its levels.

You collected 80 gold pieces.

Inventory:

Armour
 a - a +1 robe (worn)
Jewellery
 g - an uncursed amulet of faith {unknown}
Scrolls
 d - a scroll of identify {unknown}
 f - a scroll of enchant armour
Potions
 i - a potion of haste {unknown}
Comestibles
 c - 4 rations


   Skills:
 - Level 2.1 Dodging
 - Level 2.0 Stealth
 + Level 2.3 Spellcasting
 * Level 3.1 Conjurations
 + Level 4.4 Air Magic


You had 2 spell levels left.
You knew the following spells:

 Your Spells              Type           Power        Failure   Level  Hunger
a - Shock                 Conj/Air       ###.         4%          1    None
b - Static Discharge      Conj/Air       ###.....     13%         3    None

Your spell library contained the following spells:

 Spells                   Type           Power        Failure   Level  Hunger
 Swiftness                Chrm/Air       ##......     12%         2    None
 Airstrike                Air            ###.......   32%         4    None
 Lightning Bolt           Conj/Air       ###.......   75%         5    None


Dungeon Overview and Level Annotations

Branches:
Dungeon (2/15)

Altars:
Makhleb


Innate Abilities, Weirdness & Mutations

You have a beak for a mouth.
You have claws for feet.


Message History

Casting: Shock (safe; 4% risk of failure)
Confirm with . or Enter, or press ? or * to list all spells.
You don't have enough magic to cast that spell.
Casting: Shock (safe; 4% risk of failure)
Confirm with . or Enter, or press ? or * to list all spells.
You don't have enough magic to cast that spell.
It was a potion of curing.
You feel better. The ice beast closely misses you.
You feel better. The ice beast barely misses you.
You completely miss the ice beast. Your kick misses the ice beast.
Your peck misses the ice beast.
The ice beast is heavily wounded.
The ice beast hits you. The ice beast freezes you!
* * * LOW HITPOINT WARNING * * *
It was a potion of brilliance.
You feel clever all of a sudden. The ice beast hits you.
* * * LOW HITPOINT WARNING * * *
The ice beast freezes you!
Ouch! That really hurt!
You die...

#>.# #. #############..#
#. #..............# ###
#. #.##########...#
##.############. #.#
#..÷###...........<...
#.#
#........#############
#.###########..######
#.##.........<.#########
#.##.####.##....@Y>.....
#.##.# #.##.#.########.
#.##.####.##.#.#
...#...........#
...............#
...#..###..(<..##
#.##..###.......##
#.##........÷....#
#.###.###.......##


You could see an ice beast.

Vanquished Creatures
  An adder (D:2)
  A dart slug (D:1)
  6 bats
  2 goblins (D:1)
  2 hobgoblins (D:1)
  4 kobolds
  A ball python (D:2)
  2 frilled lizards
  3 rats
22 creatures vanquished.

Notes
Turn   | Place    | Note
-------+----------+-------------------------------------------
     0 | D:1      | kae the Tengu Air Elementalist began the quest for the Orb.
     0 | D:1      | Reached XP level 1. HP: 10/10 MP: 4/4
   349 | D:1      | Reached XP level 2. HP: 11/15 MP: 0/6
  1140 | D:2      | Reached XP level 3. HP: 19/19 MP: 2/7
  1188 | D:2      | Learned a level 3 spell: Static Discharge
  1241 | D:2      | Found a burning altar of Makhleb.
  1411 | D:2      | Noticed an ice beast
  1424 | D:2      | Mangled by an ice beast

Levels and vault maps discovered:
D:1:      wander_arrival_estate, layout_loops_corners
D:2:      minmay_chambers_of_twos, layout_loops_ring,
          lemuel_coloured_pillars_altar, elyvilon_altar_3

Skill      XL: |  1  2 |
---------------+-------+-----
Conjurations   | 2 3 |  3.1
Dodging        | |  2.1
Stealth        | |  2.0
Spellcasting   | |  2.3
Air Magic      | |  4.4

Action                   || total
-------------------------++-------
Melee: Unarmed           ||    10
       Kick              ||     4
 Cast: Shock             ||    42
  Use: Scroll            ||     4
       Potion            ||     3
  Eat: Chunk             ||     2
Armor: Robe              ||     8
Dodge: Dodged            ||    15

Table legend:
 A = Non-vault XP
 B = Vault XP
 C = Vault XP percentage of total XP
 D = Non-vault monster count
 E = Vault monster count
 F = Vault count percentage of total count
                 A         B        C        D         E       F
            +---------+---------+-------+---------+---------+-------
      Total |      42 |       0 |   0.0 |      22 |       0 |   0.0
            +---------+---------+-------+---------+---------+-------
        D:1 |      22 |       0 |   0.0 |      14 |       0 |   0.0
        D:2 |      20 |       0 |   0.0 |       8 |       0 |   0.0
            +---------+---------+-------+---------+---------+-------
